AoeStats
← NPG | FishCL

Arabia

508005446Analyzed
3v3 RM · 11d ago on Sep 20, 2026· 28m 9s· 6 players
Game mode
Random Map
Map size
Normal (6 player)
Population
200
Speed
Normal
Resources
Standard
Victory
Conquest
Starting age
Dark Age
Ending age
Imperial Age
RankedLock teamsTeams togetherTeam positionsShared explorationLock speedFull tech treeHidden civsTurbo modeCheats
Victory
Defeat
🇪🇸 Saracens · Spain
1671
+13
🇪🇸 Ethiopians · Spain
1654
+14
🇪🇸 Shu · Spain
1501
+19
🇨🇱 Ethiopians · Chile
1693
-19
🇨🇱 Slavs · Chile
1572
-14
🇨🇱 Britons · Chile
1544
-13
NPG | El Compadre
7:07 Loom
9:21 Feudal Age
10:33 Double-Bit Axe
14:38 Horse Collar
17:16 Scale Barding Armor
18:22 Forging
19:00 Bloodlines
Dkastro
6:40 Loom
9:34 Feudal Age
10:50 Double-Bit Axe
12:20 Fletching
22:20 Castle Age
20:56 Horse Collar
21:29 Padded Archer Armor
22:41 Gold Mining
23:05 Bodkin Arrow
22:34 Crossbowman
26:31 Bow Saw
27:57 Ballistics
NPG | FishCL
6:48 Loom
9:12 Feudal Age
13:39 Fletching
16:19 Padded Archer Armor
Joselu9710
6:23 Loom
8:52 Feudal Age
9:39 Double-Bit Axe
14:14 Fletching
23:12 Castle Age
21:55 Padded Archer Armor
21:41 Horse Collar
23:50 Bodkin Arrow
23:15 Crossbowman
26:00 Leather Archer Armor
26:07 Bow Saw
25:50 Gold Mining
26:37 Ballistics
JoseBiedma01
6:20 Loom
8:57 Feudal Age
9:48 Double-Bit Axe
15:45 Scale Barding Armor
18:06 Wheelbarrow
18:27 Forging
19:08 Bloodlines
22:36 Castle Age
20:58 Horse Collar
21:18 Gold Mining
23:55 Chain Barding Armor
24:39 Iron Casting
24:38 Husbandry
TdB.Markus
6:34 Loom
8:51 Feudal Age
10:24 Double-Bit Axe
10:31 Double-Bit Axe
18:27 Fletching
24:41 Horse Collar
28:16 Castle Age
26:22 Gold Mining
26:55 Padded Archer Armor
Connection lost

Rejoining the realm…

Still unreachable

The connection could not be restored.

Session expired

The server has moved on; the page needs a fresh start.